 Dungeon Crawl Stone Soup version 0.27.1-33-g824d729ab1 (webtiles) character file.

Game seed: 9327205017228814934

197 lordive the Chucker (level 5, 0/54 HPs)
             Began as an Ogre Hunter on Dec 26, 2021.
             Slain by a sky beast (2 damage)
             ... on level 4 of the Dungeon.
             The game lasted 00:04:52 (3907 turns).

lordive the Chucker (Ogre Hunter)                   Turns: 3907, Time: 00:04:52

Health: 0/54       AC:  3    Str: 17    XL:     5   Next: 75%
Magic:  5/5        EV: 10    Int: 12    God:
Gold:   251        SH:  0    Dex:  9    Spells: 4/4 levels left

rFire    . . .     SeeInvis .   a - +0 mace
rCold    . . .     Faith    .   (no shield)
rNeg     . . .     Spirit   .   b - +0 robe
rPois    .         Reflect  .   (helmet restricted)
rElec    .         Harm     .   (no cloak)
rCorr    .         Rampage  .   (gloves unavailable)
Will     .....                  (boots unavailable)
Stlth    +.........             (no amulet)
HPRegen  0.18/turn              g - ring of flight
MPRegen  0.09/turn              (no ring)

@: flying
A: large, unfitting armour, tough skin 1
a: no special abilities


You were on level 4 of the Dungeon.
You visited 1 branch of the dungeon, and saw 4 of its levels.

You collected 251 gold pieces.

Inventory:

Hand Weapons
 a - a +0 mace (weapon)
Missiles
 c - 184 stones (quivered)
 j - a throwing net
 o - 3 boomerangs
 p - 3 silver boomerangs
Armour
 b - a +0 robe (worn)
Jewellery
 g - a ring of flight (left hand)
Scrolls
 e - 2 scrolls of fear
 h - 2 scrolls of identify
 i - a scroll of vulnerability {unknown}
 l - a scroll of amnesia {unknown}
 m - a scroll of fog {unknown}
 n - a scroll of teleportation {unknown}
Potions
 f - a potion of haste
 k - a potion of curing


   Skills:
 * Level 3.8 Fighting
 + Level 0.6 Maces & Flails
 * Level 5.4 Throwing
 * Level 1.0 Armour
 * Level 2.8 Dodging
 + Level 0.9 Stealth


You had 4 spell levels left.
You didn't know any spells.
Your spell library contained the following spells:

 Spells                   Type           Power      Damage    Failure   Level
 Ensorcelled Hibernation  Hex/Ice        0%         N/A       45%         2
 Static Discharge         Conj/Air       0%         N/A       45%         2
 Spider Form              Tmut/Pois      0%         N/A       69%         3
 Lightning Bolt           Conj/Air       0%         1d11      100%        5
 Shadow Creatures         Summ           N/A        N/A       100%        6
 Maxwell's Capacitive Co  Air            0%         ∞         100%        8


Dungeon Overview and Level Annotations

Branches:
Dungeon (4/15)
 Temple: D:4-7

Altars:


Innate Abilities, Weirdness & Mutations

You are too large for most types of armour.
You have tough skin. (AC +1)


Message History

You throw a large rock.
The large rock closely misses the sky beast.
The sky beast hits you but does no damage.
The sky beast hits you. The sky beast shocks you.
Throw: 3 large rocks
Press: ? - help, Q - select action, (/) - cycle Shift-Dir - straight line, f/p - sky beast
Aim: a sky beast (46% to hit)
You throw a large rock.
The large rock closely misses the sky beast.
The sky beast hits you. The sky beast shocks you. The sky beast hits you.
The sky beast shocks you.
Throw: 2 large rocks
Press: ? - help, Q - select action, (/) - cycle Shift-Dir - straight line, f/p - sky beast
Aim: a sky beast (46% to hit)
You throw a large rock. The large rock hits the sky beast!
The sky beast is moderately wounded.
The sky beast flickers out of sight!
Deactivating autopickup; reactivate with Ctrl-A.
Something hits you. Something shocks you. Something hits you.
* * * LOW HITPOINT WARNING * * *
Something shocks you.
* * * LOW HITPOINT WARNING * * *
Unknown command.
Throw: large rock
Press: ? - help, Q - select action, (/) - cycle Shift-Dir - straight line, f - you Really target yourself?
Okay, then.
Okay, then.
Throw: large rock
Press: ? - help, Q - select action, (/) - cycle Shift-Dir - straight line You throw a large rock.
Something hits you.
* * * LOW HITPOINT WARNING * * *
Something shocks you.
* * * LOW HITPOINT WARNING * * *
Throw: 185 stones
Press: ? - help, Q - select action, (/) - cycle Shift-Dir - straight line You throw a stone.
Something hits you.
You die...

### . ###.# #. ##...# #. #..#)#
#.. ##.##.# #...#### #..##.#####
#....{.## #.###.#....
....#@.#####.###.#....
.................†......
#############...........
#.#####..... #### ##.# #..... ##
###..# ##..# #.....
..###....##### #).## #.####
#............#######.#######.###
###....#####...................#


There were no monsters in sight!

Vanquished Creatures
  A black bear (D:3)
  Terence (D:2)
  3 adders (D:2)
  3 dart slugs
  An orc (D:2)
  6 ball pythons
  2 endoplasms
  3 giant cockroaches (D:3)
  5 goblins
  4 hobgoblins (D:1)
  2 jackals (D:1)
  4 quokkas
  5 bats
  A frilled lizard (D:1)
  5 kobolds
  A rat (D:1)
47 creatures vanquished.

Notes
Turn   | Place    | Note
-------+----------+-------------------------------------------
     0 | D:1      | lordive the Ogre Hunter began the quest for the Orb.
     0 | D:1      | Reached XP level 1. HP: 22/22 MP: 1/1
    36 | D:1      | HP: 1/22 [ball python (1)]
   551 | D:1      | Reached XP level 2. HP: 27/29 MP: 2/2
  1161 | D:1      | Reached XP level 3. HP: 29/36 MP: 3/3
  1799 | D:2      | Noticed Terence
  1812 | D:2      | Killed Terence
  1813 | D:2      | Reached skill level 5 in Throwing
  1813 | D:2      | Reached XP level 4. HP: 12/45 MP: 4/4
  2345 | D:2      | Found a faded altar of an unknown god.
  2581 | D:2      | HP: 2/45 [adder (1)]
  2954 | D:3      | Noticed a black bear
  2958 | D:3      | Killed a black bear
  2959 | D:3      | Reached skill level 1 in Armour
  2959 | D:3      | Reached XP level 5. HP: 54/54 MP: 5/5
  3898 | D:4      | Noticed a sky beast
  3906 | D:4      | HP: 1/54 [something (6)]
  3907 | D:4      | Slain by a sky beast

Illustrated notes

Levels and vault maps discovered:
D:1:      psy_arrival_whirlpool, layout_loops_ring, corner_web_ring
D:2:      layout_basic, ebering_ecumenical_altar_box, minmay_tetromino_t4,
          uniq_terence
D:3:      layout_loops_ring, minmay_between
D:4:      layout_rooms, minmay_close_crescents

Skill      XL: |  1  2  3  4 |
---------------+-------------+-----
Dodging        | 2 |  2.8
Fighting       | 3 |  3.8
Throwing       | 5 |  5.4
Armour         | 1 |  1.0
Maces & Flails | |  0.6
Stealth        | |  0.9

Action                   |  1- 3 |  4- 6 || total
-------------------------+-------+-------++-------
Melee: Short sword       |    64 |       ||    64
       Club              |     6 |       ||     6
       Mace              |    17 |    72 ||    89
Throw: Large rock        |     8 |    13 ||    21
       Throwing net      |     2 |     1 ||     3
       Stone             |       |     6 ||     6
  Use: Potion            |       |     1 ||     1
       Scroll            |       |     3 ||     3
 Stab: Sleeping          |       |     2 ||     2
Armor: Robe              |    34 |    23 ||    57
Dodge: Dodged            |    48 |    72 ||   120
